[ AOE2 MATCH · #460613131 ]
Team RMBohemians vs Cumans
[ REPLAY ANALYSIS · EXTRACTED FROM THE RECORDED GAME ]
Feudal
22:07
Castle
35:13
Imperial
—
| APM avg | 9.3 |
| APM peak | 40 |
| eAPM avg | 5.8 |
| Villagers / military | 36 / 58 |
Focus
⚔️ 36.7% · 🌾 63.3%
Archer ×29 · Spearman ×21 · Militia ×8 · Trade Cart ×5
Feudal
16:26
Castle
28:41
Imperial
—
| APM avg | 23.6 |
| APM peak | 61 |
| eAPM avg | 12.5 |
| Villagers / military | 44 / 53 |
Focus
⚔️ 19.3% · 🌾 80.7%
Knight ×37 · Battering Ram ×16
Feudal
17:49
Castle
36:29
Imperial
—
| APM avg | 12.2 |
| APM peak | 33 |
| eAPM avg | 5.0 |
| Villagers / military | 28 / 36 |
Focus
⚔️ 35.4% · 🌾 64.6%
Spearman ×17 · Arambai ×10 · Archer ×9 · Trade Cart ×1
Feudal
—
Castle
—
Imperial
—
| APM avg | 25.4 |
| APM peak | 111 |
| eAPM avg | 7.8 |
| Villagers / military | 23 / 31 |
Focus
⚔️ 19.0% · 🌾 81.0%
Spearman ×13 · Archer ×12 · Militia ×2 · Knight ×2 · Scout Cavalry ×2
Feudal
—
Castle
—
Imperial
—
| APM avg | 0.1 |
| APM peak | 2 |
| eAPM avg | 0.1 |
| Villagers / military | 0 / 0 |
Feudal
—
Castle
—
Imperial
—
| APM avg | 21.9 |
| APM peak | 62 |
| eAPM avg | 9.8 |
| Villagers / military | 106 / 70 |
Focus
⚔️ 23.1% · 🌾 76.9%
Janissary ×55 · Bombard Cannon ×8 · Scout Cavalry ×7
Feudal
—
Castle
—
Imperial
—
| APM avg | 1.5 |
| APM peak | 59 |
| eAPM avg | 0.1 |
| Villagers / military | 0 / 0 |
Focus
⚔️ 0.0% · 🌾 100.0%
Feudal
16:59
Castle
28:19
Imperial
41:50
| APM avg | 21.5 |
| APM peak | 74 |
| eAPM avg | 9.9 |
| Villagers / military | 88 / 112 |
Focus
⚔️ 20.3% · 🌾 79.7%
Berserk ×71 · Scout Cavalry ×38 · Monk ×3
Match map
Initial resources + every placement click. Lines = walls · curves = elevation contours. ◆ gold · ⬟ stone · ● berries · ✦ relic · ◌ wall gap
Your base· Open — unwalled flank
gretor0231's base· Open — unwalled flank
Vili-Pekka's base· Open — unwalled flank
icongamre's base· Open — unwalled flank
Adment_Vk's base· Open — unwalled flank
YellowyGnu8986's base· Open — unwalled flank
千早灌世音's base· Open — unwalled flank
Straight Edging's base· Open — unwalled flank
Smoothed initial terrain · ◌ = detected wall gap · hover for details
Inputs per minute
— Lukrat - - gretor0231
Build order — Lukrat
First 150 of 178 actions detected
| 5:56 | Build | House |
| 7:05 | Build | Town Center |
| 9:47 | Build | Lumber Camp |
| 9:56 | Create | Villager (Male) |
| 9:56 | Create | Villager (Male) |
| 9:56 | Create | Villager (Male) |
| 9:57 | Create | Villager (Male) |
| 9:57 | Create | Villager (Male) |
| 9:58 | Research | Loom |
| 11:30 | Create | Villager (Male) |
| 11:32 | Research | Loom |
| 11:52 | Build | House |
| 12:09 | Create | Villager (Male) |
| 12:24 | Build | House |
| 12:28 | Build | House |
| 13:00 | Create | Villager (Male) |
| 13:31 | Create | Villager (Male) |
| 13:32 | Create | Villager (Male) |
| 14:20 | Create | Villager (Male) |
| 14:42 | Create | Villager (Male) |
| 15:08 | Create | Villager (Male) |
| 15:08 | Create | Villager (Male) |
| 15:55 | Create | Villager (Male) |
| 15:55 | Create | Villager (Male) |
| 15:56 | Create | Villager (Male) |
| 16:32 | Create | Villager (Male) |
| 16:33 | Create | Villager (Male) |
| 17:57 | Create | Villager (Male) |
| 17:57 | Create | Villager (Male) |
| 17:57 | Create | Villager (Male) |
| 18:46 | Build | Mining Camp |
| 19:06 | Build | Mining Camp |
| 19:34 | Build | House |
| 19:57 | Research | Feudal Age |
| 19:57 | Research | Feudal Age |
| 20:18 | Build | House |
| 21:07 | Build | House |
| 21:57 | Build | House |
| 22:07 | Age | Feudal Age |
| 22:11 | Research | Wheelbarrow |
| 22:29 | Build | Mill |
| 22:35 | Build | House |
| 23:09 | Build | House |
| 23:38 | Build | Blacksmith |
| 23:50 | Create | Villager (Male) |
| 23:51 | Create | Villager (Male) |
| 23:51 | Create | Villager (Male) |
| 23:51 | Create | Villager (Male) |
| 24:08 | Research | Double-Bit Axe |
| 24:13 | Research | Horse Collar |
| 24:29 | Build | House |
| 26:09 | Build | Market |
| 26:28 | Build | Farm |
| 26:44 | Build | Mill |
| 26:51 | Create | Villager (Male) |
| 26:51 | Create | Villager (Male) |
| 26:51 | Create | Villager (Male) |
| 26:52 | Create | Villager (Male) |
| 26:52 | Create | Villager (Male) |
| 27:06 | Build | Farm |
| 27:07 | Build | Farm |
| 27:09 | Build | Farm |
| 27:11 | Build | Farm |
| 27:12 | Build | Farm |
| 27:15 | Build | Farm |
| 27:16 | Build | Farm |
| 27:22 | Build | Farm |
| 27:24 | Build | Farm |
| 27:25 | Build | Farm |
| 27:45 | Build | Market |
| 28:21 | Research | Fletching |
| 28:22 | Research | Padded Archer Armor |
| 28:51 | Build | Barracks |
| 28:56 | Build | Barracks |
| 29:17 | Build | Farm |
| 29:22 | Build | House |
| 29:27 | Build | Farm |
| 29:32 | Build | House |
| 29:36 | Create | Villager (Male) |
| 29:36 | Create | Villager (Male) |
| 29:36 | Create | Villager (Male) |
| 29:37 | Create | Villager (Male) |
| 29:37 | Create | Villager (Male) |
| 29:52 | Build | Farm |
| 30:01 | Build | Farm |
| 30:51 | Create | Trade Cart |
| 30:52 | Create | Trade Cart |
| 30:52 | Create | Trade Cart |
| 30:53 | Create | Trade Cart |
| 30:54 | Create | Trade Cart |
| 31:15 | Build | House |
| 31:20 | Build | House |
| 31:23 | Build | House |
| 31:58 | Build | Archery Range |
| 32:30 | Build | Archery Range |
| 32:33 | Research | Castle Age |
| 32:47 | Create | Archer |
| 32:48 | Create | Archer |
| 32:49 | Create | Archer |
| 32:50 | Create | Archer |
| 32:51 | Create | Archer |
| 33:22 | Build | House |
| 33:41 | Create | Archer |
| 33:42 | Create | Archer |
| 33:42 | Create | Archer |
| 33:42 | Create | Archer |
| 33:43 | Create | Archer |
| 34:03 | Build | House |
| 34:30 | Research | Town Watch |
| 34:42 | Build | Archery Range |
| 35:13 | Age | Castle Age |
| 35:19 | Research | Hand Cart |
| 35:23 | Research | Heavy Plow |
| 35:33 | Research | Bow Saw |
| 35:55 | Build | House |
| 35:58 | Research | Crossbowman (upgrade) |
| 36:52 | Build | Town Center |
| 37:04 | Build | House |
| 37:30 | Research | Man-at-Arms (upgrade) |
| 37:31 | Create | Militia |
| 37:31 | Create | Militia |
| 37:32 | Create | Militia |
| 37:32 | Create | Militia |
| 37:32 | Create | Militia |
| 37:33 | Create | Militia |
| 37:34 | Create | Militia |
| 37:38 | Create | Militia |
| 37:55 | Build | House |
| 39:30 | Build | Farm |
| 39:41 | Build | Archery Range |
| 40:26 | Create | Archer |
| 40:26 | Create | Archer |
| 40:27 | Create | Archer |
| 40:27 | Create | Archer |
| 40:27 | Create | Archer |
| 40:27 | Create | Archer |
| 40:27 | Create | Archer |
| 40:28 | Create | Archer |
| 40:28 | Create | Archer |
| 40:28 | Create | Archer |
| 40:28 | Create | Archer |
| 40:29 | Create | Archer |
| 40:29 | Create | Archer |
| 40:30 | Create | Archer |
| 40:30 | Create | Archer |
| 40:30 | Create | Archer |
| 40:31 | Create | Archer |
| 40:31 | Create | Archer |
| 40:31 | Create | Archer |
| 40:54 | Research | Bodkin Arrow |
Build order — gretor0231
First 150 of 158 actions detected
| 3:12 | Build | Town Center |
| 3:31 | Build | House |
| 4:53 | Create | Villager (Male) |
| 4:53 | Create | Villager (Male) |
| 4:53 | Create | Villager (Male) |
| 4:54 | Create | Villager (Male) |
| 5:43 | Research | Loom |
| 6:41 | Create | Villager (Male) |
| 7:17 | Research | Loom |
| 7:45 | Create | Villager (Male) |
| 7:46 | Create | Villager (Male) |
| 8:18 | Create | Villager (Male) |
| 8:19 | Create | Villager (Male) |
| 8:19 | Create | Villager (Male) |
| 9:10 | Build | House |
| 9:13 | Create | Villager (Male) |
| 9:53 | Build | House |
| 10:13 | Build | Lumber Camp |
| 10:28 | Create | Villager (Male) |
| 11:13 | Create | Villager (Male) |
| 11:13 | Create | Villager (Male) |
| 11:14 | Create | Villager (Male) |
| 11:14 | Create | Villager (Male) |
| 11:15 | Create | Villager (Male) |
| 11:45 | Create | Villager (Male) |
| 11:47 | Create | Villager (Male) |
| 13:26 | Build | House |
| 13:48 | Build | Mill |
| 13:53 | Create | Villager (Male) |
| 14:16 | Research | Feudal Age |
| 14:30 | Build | House |
| 14:58 | Build | Lumber Camp |
| 15:16 | Build | House |
| 15:18 | Build | House |
| 15:37 | Create | Villager (Male) |
| 16:08 | Create | Villager (Male) |
| 16:19 | Build | Barracks |
| 16:26 | Age | Feudal Age |
| 16:40 | Build | House |
| 16:43 | Build | House |
| 17:09 | Build | Town Center |
| 17:22 | Create | Villager (Male) |
| 17:22 | Create | Villager (Male) |
| 18:45 | Create | Villager (Male) |
| 18:45 | Create | Villager (Male) |
| 18:46 | Create | Villager (Male) |
| 19:00 | Build | Farm |
| 19:02 | Build | Farm |
| 19:03 | Build | Farm |
| 19:06 | Build | Farm |
| 19:13 | Build | Farm |
| 19:15 | Build | Farm |
| 19:23 | Build | Farm |
| 19:35 | Build | Farm |
| 19:37 | Build | Farm |
| 19:39 | Build | Farm |
| 19:41 | Build | Farm |
| 19:42 | Build | Farm |
| 20:06 | Create | Villager (Male) |
| 20:07 | Create | Villager (Male) |
| 20:08 | Create | Villager (Male) |
| 20:08 | Create | Villager (Male) |
| 20:14 | Build | House |
| 20:15 | Build | House |
| 20:52 | Create | Villager (Male) |
| 20:53 | Create | Villager (Male) |
| 20:56 | Create | Villager (Male) |
| 21:23 | Build | House |
| 21:24 | Build | House |
| 21:30 | Build | Farm |
| 21:31 | Build | Farm |
| 21:32 | Build | Farm |
| 21:33 | Build | Farm |
| 21:41 | Build | Farm |
| 21:43 | Build | Farm |
| 21:59 | Create | Villager (Male) |
| 22:00 | Create | Villager (Male) |
| 22:17 | Create | Villager (Male) |
| 22:32 | Build | Mining Camp |
| 22:37 | Create | Villager (Male) |
| 22:37 | Create | Villager (Male) |
| 22:38 | Create | Villager (Male) |
| 22:39 | Create | Villager (Male) |
| 22:43 | Build | Stable |
| 22:45 | Build | Stable |
| 22:54 | Build | House |
| 24:18 | Create | Villager (Male) |
| 24:19 | Create | Villager (Male) |
| 24:51 | Build | Market |
| 24:59 | Build | Blacksmith |
| 25:45 | Build | Siege Workshop |
| 26:01 | Research | Castle Age |
| 26:10 | Create | Villager (Male) |
| 26:14 | Research | Wheelbarrow |
| 26:21 | Research | Double-Bit Axe |
| 26:24 | Research | Horse Collar |
| 26:42 | Build | Siege Workshop |
| 26:44 | Create | Battering Ram |
| 27:16 | Research | Scale Barding Armor |
| 27:28 | Create | Battering Ram |
| 28:41 | Age | Castle Age |
| 28:44 | Research | Capped Ram (upgrade) |
| 28:46 | Create | Battering Ram |
| 29:16 | Build | Stable |
| 29:22 | Create | Battering Ram |
| 29:47 | Research | Bloodlines |
| 29:55 | Research | Chain Barding Armor |
| 30:06 | Create | Knight |
| 30:06 | Create | Knight |
| 30:06 | Create | Knight |
| 30:33 | Build | Stable |
| 30:40 | Create | Battering Ram |
| 33:28 | Create | Battering Ram |
| 33:28 | Create | Battering Ram |
| 33:29 | Create | Battering Ram |
| 33:30 | Create | Battering Ram |
| 33:36 | Create | Knight |
| 33:37 | Create | Knight |
| 33:37 | Create | Knight |
| 35:16 | Create | Knight |
| 35:16 | Create | Knight |
| 35:17 | Create | Knight |
| 35:17 | Create | Knight |
| 35:17 | Create | Knight |
| 35:18 | Create | Knight |
| 35:18 | Create | Knight |
| 35:19 | Create | Knight |
| 35:19 | Create | Knight |
| 38:10 | Create | Knight |
| 44:59 | Create | Knight |
| 44:59 | Create | Knight |
| 44:59 | Create | Knight |
| 45:00 | Create | Knight |
| 45:00 | Create | Knight |
| 45:00 | Create | Knight |
| 45:01 | Create | Knight |
| 45:01 | Create | Knight |
| 45:02 | Create | Knight |
| 45:34 | Create | Knight |
| 45:34 | Create | Knight |
| 45:35 | Create | Knight |
| 45:35 | Create | Knight |
| 45:35 | Create | Knight |
| 45:36 | Create | Knight |
| 45:36 | Create | Knight |
| 45:36 | Create | Knight |
| 45:37 | Create | Knight |
| 45:37 | Create | Knight |
| 45:37 | Create | Knight |
| 45:38 | Create | Knight |
Build order — Vili-Pekka
122 actions detected in the replay
| 1:11 | Build | Town Center |
| 3:35 | Create | Villager (Male) |
| 3:35 | Create | Villager (Male) |
| 4:14 | Create | Villager (Male) |
| 4:14 | Create | Villager (Male) |
| 4:24 | Build | House |
| 4:34 | Build | Lumber Camp |
| 5:18 | Create | Villager (Male) |
| 5:27 | Build | House |
| 6:31 | Create | Villager (Male) |
| 6:32 | Create | Villager (Male) |
| 7:16 | Build | Palisade Wall |
| 7:24 | Create | Villager (Male) |
| 7:25 | Create | Villager (Male) |
| 8:07 | Create | Villager (Male) |
| 8:49 | Build | Palisade Wall |
| 9:05 | Build | Mining Camp |
| 9:12 | Create | Villager (Male) |
| 9:25 | Create | Villager (Male) |
| 11:00 | Build | Palisade Wall |
| 12:24 | Build | Palisade Wall |
| 13:36 | Build | Palisade Wall |
| 14:02 | Build | Palisade Wall |
| 15:19 | Build | Palisade Wall |
| 15:39 | Research | Feudal Age |
| 16:18 | Build | Barracks |
| 17:11 | Build | Palisade Wall |
| 17:41 | Build | House |
| 17:45 | Build | House |
| 17:49 | Age | Feudal Age |
| 17:53 | Create | Villager (Male) |
| 17:53 | Create | Villager (Male) |
| 17:53 | Create | Villager (Male) |
| 17:54 | Create | Villager (Male) |
| 17:54 | Create | Villager (Male) |
| 18:35 | Build | Palisade Wall |
| 19:02 | Build | Mill |
| 19:13 | Build | Archery Range |
| 19:20 | Build | House |
| 19:43 | Research | Horse Collar |
| 20:14 | Create | Villager (Male) |
| 20:15 | Create | Villager (Male) |
| 20:15 | Create | Villager (Male) |
| 20:15 | Create | Villager (Male) |
| 21:14 | Create | Villager (Male) |
| 21:14 | Create | Villager (Male) |
| 21:14 | Create | Villager (Male) |
| 21:22 | Create | Archer |
| 21:22 | Create | Archer |
| 21:22 | Create | Archer |
| 21:23 | Create | Archer |
| 21:23 | Create | Archer |
| 21:24 | Create | Archer |
| 21:32 | Build | House |
| 22:19 | Build | Archery Range |
| 22:25 | Build | House |
| 23:32 | Create | Spearman |
| 23:33 | Create | Spearman |
| 23:33 | Create | Spearman |
| 23:33 | Create | Spearman |
| 23:33 | Create | Spearman |
| 23:34 | Create | Spearman |
| 23:34 | Create | Spearman |
| 23:38 | Create | Archer |
| 23:39 | Create | Archer |
| 23:39 | Create | Archer |
| 24:22 | Build | Stone Wall |
| 24:41 | Build | Stone Wall |
| 25:41 | Build | Market |
| 26:04 | Build | Stone Wall |
| 27:47 | Build | Stone Wall |
| 28:01 | Build | Stone Wall |
| 28:14 | Build | Stone Wall |
| 29:12 | Create | Spearman |
| 29:12 | Create | Spearman |
| 29:12 | Create | Spearman |
| 29:13 | Create | Spearman |
| 29:14 | Create | Spearman |
| 29:21 | Build | House |
| 29:47 | Build | Palisade Wall |
| 30:31 | Build | House |
| 30:43 | Create | Trade Cart |
| 31:25 | Build | Palisade Wall |
| 33:30 | Build | Palisade Wall |
| 33:49 | Research | Castle Age |
| 33:50 | Research | Castle Age |
| 33:56 | Create | Spearman |
| 33:56 | Create | Spearman |
| 33:56 | Create | Spearman |
| 33:57 | Create | Spearman |
| 33:57 | Create | Spearman |
| 34:07 | Build | House |
| 34:11 | Build | House |
| 34:18 | Build | House |
| 34:22 | Build | House |
| 34:39 | Build | House |
| 34:45 | Build | House |
| 35:35 | Build | Lumber Camp |
| 36:29 | Age | Castle Age |
| 43:07 | Build | Town Center |
| 44:18 | Build | Castle |
| 46:30 | Build | Mining Camp |
| 46:39 | Create | Villager (Male) |
| 46:39 | Create | Villager (Male) |
| 47:05 | Create | Arambai |
| 47:06 | Create | Arambai |
| 47:06 | Create | Arambai |
| 47:06 | Create | Arambai |
| 47:08 | Create | Arambai |
| 47:11 | Create | Arambai |
| 47:29 | Build | Gate |
| 48:34 | Build | Stone Wall |
| 49:14 | Build | Gate |
| 49:38 | Create | Arambai |
| 49:39 | Create | Arambai |
| 49:54 | Build | Gate |
| 50:20 | Create | Arambai |
| 50:21 | Create | Arambai |
| 50:38 | Build | House |
| 51:03 | Build | Market |
| 51:54 | Create | Villager (Male) |
| 51:54 | Create | Villager (Male) |
Build order — icongamre
86 actions detected in the replay
| 3:15 | Build | Town Center |
| 6:30 | Create | Villager (Male) |
| 6:33 | Create | Villager (Male) |
| 7:14 | Build | House |
| 8:09 | Create | Villager (Male) |
| 8:09 | Create | Villager (Male) |
| 8:13 | Create | Villager (Male) |
| 9:34 | Build | House |
| 10:43 | Build | Mill |
| 11:41 | Build | Lumber Camp |
| 11:48 | Create | Villager (Male) |
| 14:26 | Research | Feudal Age |
| 14:28 | Create | Villager (Male) |
| 15:08 | Create | Villager (Male) |
| 15:09 | Create | Villager (Male) |
| 15:09 | Create | Villager (Male) |
| 17:13 | Build | House |
| 17:22 | Build | Farm |
| 17:59 | Build | Farm |
| 18:40 | Create | Villager (Male) |
| 18:41 | Create | Villager (Male) |
| 19:53 | Build | Farm |
| 20:00 | Build | Farm |
| 20:28 | Create | Villager (Male) |
| 22:58 | Build | Barracks |
| 24:21 | Build | Stable |
| 24:43 | Build | Stable |
| 26:28 | Build | Archery Range |
| 28:25 | Research | Castle Age |
| 28:25 | Research | Castle Age |
| 29:18 | Create | Villager (Male) |
| 29:18 | Create | Villager (Male) |
| 29:18 | Create | Villager (Male) |
| 31:15 | Create | Militia |
| 31:16 | Create | Militia |
| 31:26 | Create | Spearman |
| 31:26 | Create | Spearman |
| 31:28 | Create | Spearman |
| 31:32 | Create | Knight |
| 31:33 | Create | Knight |
| 31:40 | Create | Archer |
| 31:41 | Create | Archer |
| 31:41 | Create | Archer |
| 31:41 | Create | Archer |
| 32:01 | Build | Mining Camp |
| 32:39 | Build | House |
| 33:40 | Build | House |
| 33:58 | Create | Villager (Male) |
| 33:58 | Create | Villager (Male) |
| 34:30 | Build | House |
| 36:17 | Build | Mill |
| 37:57 | Build | House |
| 40:33 | Build | Castle |
| 40:54 | Create | Villager (Male) |
| 40:55 | Create | Villager (Male) |
| 40:55 | Create | Villager (Male) |
| 41:22 | Research | Crossbowman (upgrade) |
| 41:33 | Build | Farm |
| 42:48 | Build | University |
| 43:22 | Create | Spearman |
| 43:22 | Create | Spearman |
| 43:22 | Create | Spearman |
| 43:23 | Create | Spearman |
| 43:23 | Create | Spearman |
| 43:23 | Create | Spearman |
| 43:24 | Create | Spearman |
| 43:24 | Create | Spearman |
| 43:24 | Create | Spearman |
| 43:24 | Create | Spearman |
| 43:26 | Research | Pikeman (upgrade) |
| 43:47 | Create | Archer |
| 43:47 | Create | Archer |
| 43:47 | Create | Archer |
| 43:47 | Create | Archer |
| 43:48 | Create | Archer |
| 43:48 | Create | Archer |
| 43:48 | Create | Archer |
| 43:49 | Create | Archer |
| 44:17 | Build | Watch Tower |
| 44:33 | Build | Farm |
| 46:14 | Build | Mining Camp |
| 46:55 | Create | Villager (Male) |
| 46:55 | Create | Villager (Male) |
| 47:33 | Build | Mining Camp |
| 49:35 | Create | Scout Cavalry |
| 49:37 | Create | Scout Cavalry |
Build order — Adment_Vk
0 actions detected in the replay
Build order — YellowyGnu8986
First 150 of 291 actions detected
| 3:25 | Build | Mill |
| 4:32 | Build | Town Center |
| 4:40 | Build | House |
| 4:41 | Build | House |
| 4:45 | Build | House |
| 7:15 | Research | Loom |
| 7:16 | Create | Villager (Male) ×5 |
| 7:16 | Create | Villager (Male) ×5 |
| 7:16 | Create | Villager (Male) ×5 |
| 7:17 | Create | Villager (Male) ×5 |
| 8:45 | Create | Villager (Male) |
| 8:45 | Create | Villager (Male) |
| 8:45 | Create | Villager (Male) |
| 9:33 | Create | Villager (Male) |
| 9:33 | Create | Villager (Male) |
| 9:51 | Create | Villager (Male) |
| 9:51 | Create | Villager (Male) |
| 9:51 | Create | Villager (Male) |
| 10:12 | Create | Villager (Male) |
| 10:12 | Create | Villager (Male) |
| 10:45 | Create | Villager (Male) |
| 10:45 | Create | Villager (Male) |
| 10:45 | Create | Villager (Male) |
| 11:12 | Create | Villager (Male) |
| 11:42 | Create | Villager (Male) |
| 11:42 | Create | Villager (Male) |
| 12:04 | Build | Lumber Camp |
| 12:08 | Create | Villager (Male) |
| 12:09 | Create | Villager (Male) |
| 12:21 | Build | Mining Camp |
| 12:29 | Create | Villager (Male) |
| 12:29 | Create | Villager (Male) |
| 12:30 | Create | Villager (Male) |
| 12:40 | Build | House |
| 12:41 | Build | House |
| 13:33 | Create | Villager (Male) |
| 13:34 | Create | Villager (Male) |
| 13:34 | Create | Villager (Male) |
| 14:14 | Create | Villager (Male) |
| 14:14 | Create | Villager (Male) |
| 14:35 | Create | Villager (Male) |
| 14:35 | Create | Villager (Male) |
| 15:21 | Build | Mining Camp |
| 15:26 | Create | Villager (Male) |
| 15:26 | Create | Villager (Male) |
| 16:03 | Build | Mill |
| 16:46 | Create | Villager (Male) |
| 16:47 | Create | Villager (Male) |
| 17:44 | Build | Barracks |
| 17:48 | Build | House |
| 17:52 | Build | House |
| 18:28 | Research | Feudal Age |
| 18:28 | Research | Feudal Age |
| 18:29 | Research | Feudal Age |
| 18:49 | Build | Mill |
| 20:00 | Build | Mill |
| 20:47 | Build | Blacksmith |
| 20:52 | Build | Archery Range |
| 21:22 | Research | Wheelbarrow |
| 21:22 | Research | Wheelbarrow |
| 21:28 | Research | Horse Collar |
| 21:28 | Research | Horse Collar |
| 22:37 | Build | Stable |
| 22:52 | Research | Castle Age |
| 22:52 | Research | Castle Age |
| 23:16 | Research | Double-Bit Axe |
| 23:16 | Research | Double-Bit Axe |
| 23:20 | Research | Stone Mining |
| 23:20 | Research | Stone Mining |
| 23:55 | Research | Gold Mining |
| 23:55 | Research | Gold Mining |
| 23:55 | Research | Gold Mining |
| 23:55 | Research | Gold Mining |
| 24:24 | Research | Bloodlines |
| 24:24 | Research | Bloodlines |
| 25:00 | Build | Farm |
| 25:02 | Build | Farm |
| 25:03 | Build | Farm |
| 25:04 | Build | Farm |
| 25:05 | Build | Farm |
| 25:36 | Build | Town Center |
| 25:43 | Create | Villager (Male) |
| 25:43 | Create | Villager (Male) |
| 25:54 | Create | Scout Cavalry |
| 26:17 | Create | Villager (Male) |
| 26:17 | Create | Villager (Male) |
| 26:52 | Research | Bow Saw |
| 26:58 | Create | Villager (Male) |
| 26:58 | Create | Villager (Male) |
| 26:58 | Create | Villager (Male) |
| 27:46 | Build | Farm |
| 27:48 | Build | Farm |
| 27:49 | Build | Farm |
| 27:50 | Build | Farm |
| 27:51 | Build | Farm |
| 28:16 | Create | Villager (Male) |
| 28:21 | Create | Villager (Male) |
| 28:21 | Create | Villager (Male) |
| 28:21 | Create | Villager (Male) |
| 28:50 | Create | Villager (Male) |
| 28:51 | Create | Villager (Male) |
| 28:51 | Create | Villager (Male) |
| 28:51 | Create | Villager (Male) |
| 28:51 | Create | Villager (Male) |
| 28:52 | Create | Villager (Male) |
| 29:07 | Build | Mining Camp |
| 30:01 | Research | Hand Cart |
| 30:01 | Research | Hand Cart |
| 30:10 | Build | Town Center |
| 30:17 | Create | Villager (Male) |
| 30:17 | Create | Villager (Male) |
| 30:18 | Create | Villager (Male) |
| 30:18 | Create | Villager (Male) |
| 30:18 | Create | Villager (Male) |
| 31:21 | Build | Castle |
| 31:27 | Build | Siege Workshop |
| 31:29 | Build | Siege Workshop |
| 31:53 | Create | Villager (Male) |
| 31:54 | Create | Villager (Male) |
| 31:57 | Research | Gold Shaft Mining |
| 31:57 | Research | Gold Shaft Mining |
| 31:57 | Research | Gold Shaft Mining |
| 31:58 | Research | Gold Shaft Mining |
| 31:58 | Research | Gold Shaft Mining |
| 32:09 | Build | Mining Camp |
| 32:56 | Build | House |
| 32:56 | Build | House |
| 32:57 | Build | House |
| 32:57 | Build | House |
| 32:57 | Build | House |
| 32:57 | Build | House |
| 32:58 | Build | House |
| 32:58 | Build | House |
| 32:58 | Build | House |
| 32:58 | Build | House |
| 32:59 | Build | House |
| 32:59 | Build | House |
| 32:59 | Build | House |
| 32:59 | Build | House |
| 32:59 | Build | House |
| 33:00 | Build | House |
| 33:00 | Build | House |
| 33:00 | Build | House |
| 33:00 | Build | House |
| 33:01 | Build | House |
| 33:14 | Create | Villager (Male) |
| 33:14 | Create | Villager (Male) |
| 33:15 | Create | Villager (Male) |
| 33:21 | Create | Villager (Male) |
| 33:21 | Create | Villager (Male) |
Build order — 千早灌世音
2 actions detected in the replay
| 0:44 | Build | Lumber Camp |
| 0:54 | Build | Mill |
Build order — Straight Edging
First 150 of 178 actions detected
| 1:39 | Build | Town Center |
| 4:03 | Build | House |
| 4:04 | Build | House |
| 4:11 | Create | Villager (Male) ×4 |
| 4:12 | Create | Villager (Male) ×4 |
| 4:12 | Create | Villager (Male) ×4 |
| 4:21 | Build | House |
| 6:16 | Create | Villager (Male) |
| 6:16 | Create | Villager (Male) |
| 6:46 | Build | Lumber Camp |
| 6:54 | Create | Villager (Male) ×2 |
| 6:54 | Create | Villager (Male) ×2 |
| 6:54 | Create | Villager (Male) ×2 |
| 6:55 | Create | Villager (Male) ×2 |
| 7:45 | Create | Villager (Male) ×2 |
| 7:46 | Create | Villager (Male) ×2 |
| 9:35 | Create | Villager (Male) |
| 9:35 | Create | Villager (Male) |
| 9:35 | Create | Villager (Male) |
| 9:35 | Create | Villager (Male) |
| 9:36 | Create | Villager (Male) |
| 9:36 | Create | Villager (Male) |
| 9:36 | Create | Villager (Male) |
| 10:30 | Create | Villager (Male) ×2 |
| 10:30 | Create | Villager (Male) ×2 |
| 11:19 | Build | House |
| 11:26 | Build | Barracks |
| 11:30 | Build | House |
| 11:33 | Build | House |
| 11:35 | Build | House |
| 11:37 | Build | House |
| 11:55 | Create | Villager (Male) ×2 |
| 12:51 | Create | Villager (Male) |
| 12:51 | Create | Villager (Male) |
| 12:52 | Research | Loom |
| 13:32 | Build | Mining Camp |
| 14:49 | Research | Feudal Age |
| 15:00 | Build | House |
| 15:42 | Build | Mill |
| 16:35 | Create | Villager (Male) ×5 |
| 16:59 | Age | Feudal Age |
| 18:23 | Research | Town Watch |
| 18:45 | Build | Mining Camp |
| 19:06 | Build | Stable |
| 19:08 | Build | Stable |
| 19:10 | Build | Stable |
| 19:20 | Build | Farm |
| 19:25 | Build | Farm |
| 19:31 | Create | Villager (Male) ×5 |
| 19:39 | Research | Double-Bit Axe |
| 19:43 | Research | Horse Collar |
| 20:02 | Build | Farm |
| 20:09 | Create | Scout Cavalry |
| 20:09 | Create | Scout Cavalry |
| 20:34 | Create | Scout Cavalry |
| 20:34 | Create | Scout Cavalry |
| 20:43 | Build | Blacksmith |
| 20:53 | Build | Farm |
| 21:07 | Build | House |
| 21:09 | Create | Scout Cavalry |
| 21:09 | Create | Scout Cavalry |
| 21:37 | Research | Forging |
| 21:41 | Build | Farm |
| 22:04 | Create | Villager (Male) |
| 22:04 | Create | Villager (Male) |
| 22:04 | Create | Villager (Male) |
| 22:05 | Create | Villager (Male) |
| 22:54 | Build | Farm |
| 23:04 | Build | Farm |
| 23:06 | Create | Villager (Male) |
| 23:36 | Build | Farm |
| 24:47 | Build | Market |
| 25:39 | Research | Castle Age |
| 26:06 | Build | House |
| 26:07 | Build | House |
| 26:09 | Build | House |
| 26:10 | Build | House |
| 26:10 | Build | House |
| 26:11 | Build | House |
| 26:55 | Create | Villager (Male) ×5 |
| 26:58 | Create | Villager (Male) ×3 |
| 28:19 | Age | Castle Age |
| 28:34 | Build | Town Center |
| 28:46 | Build | Town Center |
| 28:53 | Build | Monastery |
| 29:28 | Build | Castle |
| 29:42 | Create | Villager (Male) ×5 |
| 29:54 | Build | Mining Camp |
| 30:33 | Create | Monk |
| 30:33 | Create | Monk |
| 30:33 | Create | Monk |
| 30:42 | Build | Mining Camp |
| 30:53 | Build | Mining Camp |
| 31:03 | Build | Mining Camp |
| 31:06 | Create | Villager (Male) ×5 |
| 31:26 | Build | Farm |
| 31:29 | Build | Farm |
| 31:46 | Research | Stone Mining |
| 31:49 | Research | Gold Mining |
| 31:52 | Build | Farm |
| 32:21 | Build | Farm |
| 32:47 | Build | Farm |
| 33:10 | Create | Berserk ×5 |
| 33:11 | Create | Berserk ×3 |
| 33:18 | Build | Farm |
| 33:27 | Build | Farm |
| 33:28 | Build | Farm |
| 33:34 | Build | Farm |
| 33:36 | Build | Farm |
| 33:38 | Build | Farm |
| 33:39 | Build | Farm |
| 33:41 | Build | Farm |
| 33:45 | Build | Farm |
| 33:46 | Build | Farm |
| 33:51 | Research | Heavy Plow |
| 34:07 | Create | Villager (Male) ×3 |
| 34:20 | Build | Farm |
| 34:26 | Build | Mill |
| 34:50 | Research | Iron Casting |
| 34:51 | Research | Scale Mail Armor |
| 35:20 | Build | Farm |
| 35:38 | Create | Berserk ×5 |
| 35:39 | Create | Berserk ×4 |
| 36:15 | Build | Castle |
| 36:29 | Build | House |
| 36:31 | Build | House |
| 36:38 | Build | House |
| 37:01 | Build | Stone Wall |
| 37:55 | Build | Lumber Camp |
| 38:40 | Research | Imperial Age |
| 38:42 | Research | Town Patrol |
| 39:03 | Research | Chieftains |
| 39:04 | Create | Berserk ×5 |
| 39:04 | Create | Berserk ×5 |
| 39:05 | Create | Berserk ×5 |
| 39:23 | Research | Scale Mail Armor |
| 39:23 | Research | Scale Barding Armor |
| 40:00 | Research | Light Cavalry (upgrade) |
| 40:01 | Create | Scout Cavalry ×5 |
| 40:01 | Create | Scout Cavalry ×5 |
| 40:15 | Build | Town Center |
| 40:50 | Research | Chain Mail Armor |
| 40:50 | Research | Scale Barding Armor |
| 40:57 | Create | Scout Cavalry ×4 |
| 40:58 | Create | Scout Cavalry ×4 |
| 40:58 | Create | Scout Cavalry ×4 |
| 41:40 | Create | Villager (Male) ×5 |
| 41:41 | Create | Villager (Male) ×5 |
| 41:44 | Create | Villager (Male) |
| 41:50 | Age | Imperial Age |
Match timeline
| 1:19 | Adment_Vk · resign |
| 7:16 | Vili-Pekka · wall_segment Palisade Wall x7 |
| 8:49 | Vili-Pekka · wall_segment Palisade Wall x8 |
| 11:00 | Vili-Pekka · wall_segment Palisade Wall x9 |
| 11:26 | Straight Edging · first_building Barracks |
| 12:24 | Vili-Pekka · wall_segment Palisade Wall x6 |
| 13:36 | Vili-Pekka · wall_segment Palisade Wall x12 |
| 14:02 | Vili-Pekka · wall_segment Palisade Wall x17 |
| 15:19 | Vili-Pekka · wall_segment Palisade Wall x11 |
| 16:18 | Vili-Pekka · first_building Barracks |
| 16:19 | gretor0231 · first_building Barracks |
| 16:26 | gretor0231 · age_up feudal |
| 16:59 | Straight Edging · age_up feudal |
| 17:11 | Vili-Pekka · wall_segment Palisade Wall x3 |
| 17:44 | YellowyGnu8986 · first_building Barracks |
| 17:49 | Vili-Pekka · age_up feudal |
| 18:35 | Vili-Pekka · wall_segment Palisade Wall x8 |
| 19:06 | Straight Edging · first_building Stable |
| 19:13 | Vili-Pekka · first_building Archery Range |
| 20:52 | YellowyGnu8986 · first_building Archery Range |
| 22:07 | Lukrat · age_up feudal |
| 22:37 | YellowyGnu8986 · first_building Stable |
| 22:43 | gretor0231 · first_building Stable |
| 22:58 | icongamre · first_building Barracks |
| 24:21 | icongamre · first_building Stable |
| 24:22 | Vili-Pekka · wall_segment Stone Wall x7 |
| 24:41 | Vili-Pekka · wall_segment Stone Wall x7 |
| 25:45 | gretor0231 · first_building Siege Workshop |
| 26:04 | Vili-Pekka · wall_segment Stone Wall x8 |
| 26:28 | icongamre · first_building Archery Range |
| 27:21 | gretor0231 · first_market_sell 100 wood |
| 27:47 | Vili-Pekka · wall_segment Stone Wall x3 |
| 28:01 | Vili-Pekka · wall_segment Stone Wall x8 |
| 28:14 | Vili-Pekka · wall_segment Stone Wall x16 |
| 28:19 | Straight Edging · age_up castle |
| 28:41 | gretor0231 · age_up castle |
| 28:51 | Lukrat · first_building Barracks |
| 28:53 | Straight Edging · first_building Monastery |
| 29:28 | Straight Edging · first_building Castle |
| 29:47 | Vili-Pekka · wall_segment Palisade Wall x3 |
| 31:21 | YellowyGnu8986 · first_building Castle |
| 31:25 | Vili-Pekka · wall_segment Palisade Wall x6 |
| 31:27 | YellowyGnu8986 · first_building Siege Workshop |
| 31:58 | Lukrat · first_building Archery Range |
| 33:30 | Vili-Pekka · wall_segment Palisade Wall x6 |
| 35:13 | Lukrat · age_up castle |
| 36:29 | Vili-Pekka · age_up castle |
| 37:01 | Straight Edging · wall_segment Stone Wall x1 |
| 40:33 | icongamre · first_building Castle |
| 41:50 | Straight Edging · age_up imperial |
| 43:17 | Lukrat · first_building Castle |
| 44:18 | Vili-Pekka · first_building Castle |
| 46:39 | Straight Edging · first_market_sell 500 food |
| 48:34 | Vili-Pekka · wall_segment Stone Wall x2 |
[ AI ANALYSIS · 1 CREDIT ]
What really happened in this match?
Wolo.gg analyzes every decision: build order, eco, micro, common mistakes by bracket. Personalized analysis on WhatsApp or Discord in 30 seconds.
Civ guide
Bohemians
Map guide
MegaRandom
Perfil
Lukrat